 Dungeon Crawl Stone Soup version 0.30-a0-916-g9813417 (webtiles) character file.

Game seed: 11478311135275699356

347 Dorkslayer the Trooper (level 6, -9/39 HPs)
             Began as a Gargoyle Fighter on Apr 5, 2023.
             Mangled by Edmund
             ... wielding a +1 flail of protection
              (17 damage)
             ... on level 4 of the Dungeon.
             The game lasted 00:10:42 (2106 turns).

Dorkslayer the Trooper (Gargoyle Fighter)           Turns: 2106, Time: 00:10:43

Health: -9/39      AC: 13    Str: 19    XL:     6   Next: 59%
Magic:  6/6        EV: 10    Int:  9    God:
Gold:   160        SH:  5    Dex: 11    Spells: 5/5 levels left

rFire   . . .      SeeInvis .    a - +0 war axe
rCold   . . .      Faith    .    c - +0 buckler
rNeg    + . .      Spirit   .    b - +0 scale mail
rPois   ∞          Reflect  .    (no helmet)
rElec   +          Rampage  .    k - +0 cloak
rCorr   .                        i - +0 pair of gloves
Will    .....                    (no boots) Stlth
                                 (no amulet)
HPRegen 0.26/turn                (no ring)
MPRegen 0.10/turn                (no ring)

@: mighty, weak-willed
A: sickness immunity, AC +4, negative energy resistance 1, electricity
resistance, torment resistance 1, petrification resistance
a: no special abilities


You were on level 4 of the Dungeon.
You visited 1 branch of the dungeon, and saw 4 of its levels.

You collected 160 gold pieces.

Inventory:

Hand Weapons
 a - a +0 war axe (weapon)
Armour
 b - a +0 scale mail (worn)
 c - a +0 buckler (worn)
 i - a +0 pair of gloves (worn)
 k - a +0 cloak (worn)
Scrolls
 d - a scroll of vulnerability
 n - a scroll of silence {unknown}
 o - a scroll of amnesia {unknown}
 p - a scroll of magic mapping {unknown}
 q - a scroll of enchant armour {unknown}
Potions
 g - a potion of invisibility {unknown}
 j - a potion of brilliance {unknown}
 l - a potion of mutation {unknown}
 m - 2 potions of curing
 r - a potion of cancellation {unknown}


   Skills:
 + Level 4.4 Fighting
 + Level 2.9 Axes
 + Level 4.3 Armour
 * Level 2.8 Dodging
 + Level 4.4 Shields


You had 5 spell levels left.
You didn't know any spells.
Your spell library was empty.

Dungeon Overview and Level Annotations

Branches:
Dungeon (4/15)
 Temple: D:4-7

Altars:

Annotations:
D:4 Edmund


Innate Abilities, Weirdness & Mutations

You are immune to sickness and miasma.
Your stone body is resilient. (AC +4)
You are immune to poison.
You resist negative energy. (rN+)
You are resistant to electric shocks. (rElec)
You are resistant to unholy torment.
You are immune to petrification.


Message History

The orc wizard shouts!
The orc shouts!
A hound comes into view.
Okay, then.
The air fills with toxic fumes!
As you read the scroll of poison, it crumbles to dust.
The hound barks!
Edmund drinks a potion.
Edmund goes berserk!
Okay, then.
As you read the scroll labelled ATAJ SUNILANOCK, it crumbles to dust.
Magic quickly surges around you.
It was a scroll of vulnerability.
You closely miss Edmund.
Edmund is poisoned.
Edmund closely misses you.
Edmund looks even sicker.
Edmund hits you with a +1 flail of protection.
The orc wizard gestures wildly while chanting.
The orc wizard flickers and vanishes!
Deactivating autopickup; reactivate with Ctrl-A.
You closely miss Edmund.
Edmund is engulfed in poison gas.
Edmund looks even sicker.
Edmund barely misses you.
Edmund looks as sick as possible!
Edmund barely misses you.
You hit Edmund but do no damage.
Edmund is lightly wounded.
Edmund is engulfed in poison gas.
Edmund looks as sick as possible!
Edmund hits you with a +1 flail of protection!
Edmund is engulfed in poison gas.
Edmund looks as sick as possible!
You block Edmund's attack.
You closely miss Edmund.
Edmund is moderately wounded.
Edmund is engulfed in poison gas.
Edmund looks as sick as possible!
Edmund hits you with a +1 flail of protection.
Edmund is engulfed in poison gas.
Edmund looks as sick as possible!
Edmund hits you with a +1 flail of protection.
Edmund is engulfed in poison gas.
Edmund looks as sick as possible!
Edmund hits you with a +1 flail of protection.
* * * LOW HITPOINT WARNING * * *
As you read the scroll labelled WAR XYTOWYUD, it crumbles to dust.
It is a scroll of identify.
m - 2 potions of curing Edmund is engulfed in poison gas.
Edmund looks as sick as possible!
Edmund hits you with a +1 flail of protection!
You die...

##..#.#..#..###.#.#
. #.☼§§☼§§§##.#
#.#.. .
##..☼☼☼○§○§. ..#...
# #...§○§○☼§##
##.....#
##...§§§☼☼.. §
#......
###..§○☼○#.#§§
........
#§§§##§§§#☼§☼☼
.....##
##○☼§§§○○§○☼§§
##○§§@@.§§§#
#§○#§§§§§##
#§.○§§##○#
#§.§§h§§. §#
##§§oo§§○.
###○☼☼○§§..
h{o○§§☼○. §§○☼§§§○☼


You could see Edmund (berserk, extremely poisoned, weak-willed), 2 hounds, an
orc wizard (weak-willed) and 2 orcs.

Vanquished Creatures
  Grinder (D:3)
  An orc priest (D:4)
  Jessica (D:2)
  An iguana (D:4)
  An adder (D:3)
  A worm (D:2)
  A dart slug (D:1)
  5 orcs
  3 endoplasms (D:2)
  2 giant cockroaches
  5 goblins (D:1)
  9 hobgoblins
  5 kobolds
  3 quokkas
  7 ball pythons
  9 bats
  2 frilled lizards
  6 rats
63 creatures vanquished.

Vanquished Creatures (others)
  A fungus (D:1)
  4 plants (D:1)
5 creatures vanquished.

Grand Total: 68 creatures vanquished

Notes
Turn   | Place    | Note
-------+----------+-------------------------------------------
     0 | D:1      | Dorkslayer the Gargoyle Fighter began the quest for the
                  | Orb.
     0 | D:1      | Reached XP level 1. HP: 14/14 MP: 1/1
    64 | D:1      | You fall into a shaft and drop 1 floor!
   137 | D:2      | Reached XP level 2. HP: 19/19 MP: 2/2
   261 | D:1      | Found a faded altar of an unknown god.
   425 | D:1      | Reached skill level 1 in Dodging
   425 | D:1      | Reached XP level 3. HP: 16/23 MP: 3/3
  1025 | D:3      | Noticed Grinder
  1039 | D:3      | Killed Grinder
  1040 | D:3      | Reached XP level 4. HP: 29/29 MP: 4/4
  1040 | D:3      | Reached XP level 5. HP: 33/33 MP: 5/5
  1040 | D:3      | Reached XP level 6. HP: 38/38 MP: 6/6
  1411 | D:2      | Noticed Jessica
  1416 | D:2      | Killed Jessica
  2097 | D:4      | Noticed Edmund
  2106 | D:4      | Mangled by Edmund

Illustrated notes

Levels and vault maps discovered:
D:1:      lightli_arrival_statue_moat, layout_basic,
          shapermc_ecumenical_altar_ellora
D:2:      layout_basic, uniq_jessica
D:3:      layout_basic, grunt_decor_resistance, uniq_grinder
D:4:      layout_cave_pools, mainiacjoe_overflow_catwalk_spiral, uniq_edmund

Skill      XL: |  1  2  3 |
---------------+----------+-----
Axes           | 2 |  2.9
Dodging        | 1 2 |  2.8
Fighting       | 4 |  4.4
Armour         | 4 |  4.3
Shields        | 4 |  4.4

Action                     |  1- 3 |  4- 6 || total
---------------------------+-------+-------++-------
  Melee: War axe           |    95 |    58 ||   153
    Use: Potion            |     2 |     2 ||     4
         Scroll            |     1 |     3 ||     4
 Armour: Scale mail        |    61 |    25 ||    86
  Dodge: Dodged            |    52 |    35 ||    87
  Block: Buckler           |    17 |    11 ||    28

Table legend: (Time is in decaauts)
 A = Elapsed time spent in this place.
 B = Non-inter-level travel time spent in this place.
 C = Inter-level travel time spent in this place.
 D = Time resting spent in this place.
 E = Time spent auto-exploring this place.
 F = Levels seen in this place.
 G = Mean time per level.
                   A        B        C        D        E       F      G
               +--------+--------+--------+--------+--------+-----+--------+
         Total |   2172 |   2172 |      0 |      0 |    911 |   4 |  543.0 |
       Dungeon |   2172 |   2172 |      0 |      0 |    911 |   4 |  543.0 |
               +--------+--------+--------+--------+--------+-----+--------+

Top non-repeatable levels by time:
     D:2: 849 daAuts
     D:1: 654 daAuts
     D:3: 597 daAuts
     D:4: 70 daAuts
